 Dungeon Crawl Stone Soup version 0.19-a0-734-ge18daf0 (webtiles) character file.

7912 Amnesiac the Thaumaturge (level 11, -2/68 HPs)
             Began as a Mummy Wizard on June 22, 2016.
             Was a Believer of Kikubaaqudgha.
             Slain by a black mamba (14 damage)
             ... on level 2 of the Lair of Beasts.
             The game lasted 00:38:00 (13008 turns).

Amnesiac the Thaumaturge (Mummy Wizard)            Turns: 13008, Time: 00:38:01

Health: -2/68      AC:  7    Str: 11    XL:     11   Next: 3%
Magic:  6/27       EV: 12    Int: 17    God:    Kikubaaqudgha [**....]
Gold:   583        SH:  4    Dex: 14    Spells: 11 memorised, 11 levels left

rFire  x x x     SeeInvis .     h - +5 whip (elec)
rCold  + + +     Gourm    .     a - +0 robe
rNeg   + + +     Faith    .     (no shield)
rPois  ∞         Spirit   .     v - +0 helmet
rElec  .         Dismiss  .     e - +1 cloak
rCorr  .         Reflect  +     H - +0 pair of gloves
SustAt .         Harm     .     m - +0 pair of boots
MR     +....                    w - +4 amulet of reflection
Stlth  ++........               x - ring of ice
                                b - ring of ice

@: somewhat resistant to hostile enchantments, unstealthy
A: no food or potions, fire vulnerability, cold resistance 1, negative energy
resistance 3, torment resistance, unbreathing
a: Receive Corpses, Renounce Religion


You were on level 2 of the Lair of Beasts.
You worshipped Kikubaaqudgha.
Kikubaaqudgha was pleased with you.
You were not hungry.

You visited 3 branches of the dungeon, and saw 12 of its levels.
You also visited: Ossuary.

You collected 583 gold pieces.

Inventory:

Hand Weapons
 f - a +0 quarterstaff
 h - a +5 whip of electrocution (weapon)
 G - the +9 trident of Blood-Lust {pierce, rPois rN+ Int-5}
   (You found it on level 7 of the Dungeon)

   It inflicts extra damage upon your enemies.
   It affects your intelligence (-5).
   It protects you from poison.
   It protects you from negative energy.
Missiles
 D - a throwing net (quivered)
 L - 5 javelins of returning
Armour
 a - a +0 robe (worn)
 e - a +1 cloak (worn)
 m - a +0 pair of boots (worn)
 o - a gold dragon hide
 v - a +0 helmet (worn)
 E - a +3 ring mail of fire resistance
 H - a +0 pair of gloves (worn)
Rods
 k - a +2 rod of inaccuracy (14/14)
   (You found it on level 5 of the Dungeon)
Jewellery
 b - a ring of ice (left hand)
 j - an uncursed amulet of dismissal
 l - an uncursed ring of see invisible
 r - an uncursed ring of magical power
 w - a +4 amulet of reflection (around neck)
 x - a ring of ice (right hand)
Wands
 A - a wand of acid (9/15)
 B - a wand of polymorph (6/24)
Scrolls
 g - a scroll of teleportation
 i - 7 scrolls of remove curse
 n - a scroll of amnesia
 p - 3 scrolls of holy word
 q - a scroll of brand weapon
 s - 2 scrolls of recharging
 t - 4 scrolls of identify
 z - a scroll of enchant armour
 C - a scroll of blinking
 F - a scroll of enchant weapon
 I - a scroll of magic mapping
 J - a scroll of fear
 K - 3 scrolls of random uselessness
Books
 c - a book of Minor Magic

   Spells                             Type                      Level
   a - Magic Dart                     Conjuration                  1
   b - Blink                          Translocation                2
   c - Call Imp                       Summoning                    2
   d - Repel Missiles                 Charms/Air                   2
   e - Slow                           Hexes                        2
   f - Conjure Flame                  Conjuration/Fire             3
   g - Mephitic Cloud                 Conjuration/Poison/Air       3
 u - a book of Battle

   Spells                             Type                      Level
   a - Infusion                       Charms                       1
   b - Shroud of Golubria             Charms/Translocation         2
   c - Song of Slaying                Charms                       2
   d - Spectral Weapon                Hexes/Charms                 3
   e - Regeneration                   Charms/Necromancy            3
 y - Kikubaaqudgha's Tome of Unholy Rituals
   (Kikubaaqudgha gifted it to you on level 4 of the Dungeon)

   Spells                             Type                      Level
   a - Animate Skeleton               Necromancy                   1
   b - Pain                           Necromancy                   1
   c - Corpse Rot                     Necromancy                   2
   d - Vampiric Draining              Necromancy                   3
   e - Control Undead                 Necromancy                   4


   Skills:
 - Level 1.5 Dodging
 - Level 1.5 Stealth
 - Level 12.6 Spellcasting
 - Level 1.0 Conjurations
 - Level 0.7 Summonings
 + Level 7.9 Necromancy
 - Level 0.7 Translocations
 - Level 5.1 Evocations


You had 11 spell levels left.
You knew the following spells:

 Your Spells              Type           Power        Failure   Level  Hunger
a - Repel Missiles        Chrm/Air       ##....       12%         2    N/A
b - Blink                 Tloc           N/A          10%         2    N/A
c - Slow                  Hex            ##......     12%         2    N/A
d - Call Imp              Summ           ##......     10%         2    N/A
e - Mephitic Cloud        Conj/Pois/Air  ##......     21%         3    N/A
f - Vampiric Draining     Necr           #####.....   1%          3    N/A
g - Spectral Weapon       Hex/Chrm       ##......     21%         3    N/A
h - Magic Dart            Conj           ##..         4%          1    N/A
i - Corpse Rot            Necr           N/A          1%          2    N/A
j - Infusion              Chrm           ##..         10%         1    N/A
s - Conjure Flame         Conj/Fire      ##......     17%         3    N/A

Dungeon Overview and Level Annotations

Branches:
Dungeon (9/15)             Temple (1/1) D:7            Lair (2/6) D:8
  Swamp: Lair:2-4    Shoals: Lair:2-4     Snake: Lair:2-4    Spider: Lair:2-4
    Orc: D:9-12

Altars:
Ashenzari
Cheibriados
Dithmenos
Elyvilon
Fedhas
Gozag
Hepliaklqana
Kikubaaqudgha
Makhleb
Nemelex Xobeh
Okawaru
Pakellas
Qazlal
Ru
Sif Muna
Trog
Uskayaw
Vehumet
Xom
Yredelemnul
Zin
The Shining One


Innate Abilities, Weirdness & Mutations

You do not eat or drink.
Your flesh is vulnerable to fire.
You are immune to poison.
Your flesh is cold resistant. (rC+)
You are immune to negative energy. (rN+++)
You are immune to unholy pain and torment.
You can survive without breathing.


Message History

You blink.
Casting: Blink
Confirm with . or Enter, or press ? or * to list all spells.
Aiming: Conjure Flame
Press: ? - help, Dir - move target cursor, p - black mamba The fire roars!
Casting: Conjure Flame
Confirm with . or Enter, or press ? or * to list all spells.
Aiming: Conjure Flame
Press: ? - help, Dir - move target cursor The fire roars!
Casting: Conjure Flame
Confirm with . or Enter, or press ? or * to list all spells.
Aiming: Vampiric Draining
Press: ? - help, Shift-Dir - straight line, f - black mamba
Aim: a black mamba (heavily wounded)
The black mamba is severely wounded.
You feel life coursing into your body. The black mamba bites you!
You die...
Kikubaaqudgha rasps: "You have failed me!
Welcome... oblivion!"

..# ### #.....######
..####.# ##.....##
....##.###.......# #
.......#.#P......##.##
#.P...................
####.........>.......>
#####............##
####....§####.#
#....§@# ## #....S##
#######


You could see a black mamba.

Vanquished Creatures
  A hydra (Lair:1)
  The ghost of Protee the Transmogrifier, a novice DrTm (D:6)
  A hill giant (D:6)
  A spiny frog (Lair:1)
  2 komodo dragons
  A wraith (D:8)
  A basilisk (D:8)
  Sigmund (D:2)
  2 hippogriffs (Lair:2)
  Duvessa (D:4)
  4 water moccasins
  4 porcupines
  An ice beast (D:7)
  An orc warrior (D:7)
  A black bear (D:7)
  A phantom (D:7)
  A sky beast (D:4)
  3 ogres
  A necrophage (D:6)
  2 crocodiles
  4 elf zombies (Ossuary)
  11 giant frogs
  A wyvern skeleton (D:8)
  Dowan (D:4)
  5 scorpions
  2 electric eels (Lair:1)
  A howler monkey (D:4)
  4 centaur zombies (Ossuary)
  7 crimson imps
  A jelly (D:8)
  7 hounds
  4 human zombies (Ossuary)
  4 orc wizards
  An orc priest (D:3)
  Natasha (thrice) (D:3)
  Terence (D:3)
  2 iguanas
  A hell rat (D:8)
  4 worker ants
  A killer bee zombie (D:7)
  3 mummies (Ossuary)
  A worker ant zombie (D:8)
  Robin (D:3)
  4 gnolls (D:2)
  14 adders
  12 river rats
  A shadow imp (D:7)
  12 white imps (Lair:1)
  2 oozes
  2 adder skeletons (D:5)
  2 worms
  A dart slug (D:1)
  7 giant geckos
  22 orcs
  7 giant cockroaches
  20 goblins
  8 hobgoblins
  26 jackals
  A ball python (D:1)
  5 bats
  A giant gecko skeleton (D:4)
  5 giant newts
  A goblin zombie (D:6)
  A jackal skeleton (D:7)
  6 kobolds
  A quokka skeleton (D:4)
  A quokka zombie (D:6)
  11 rats
  A rat zombie (D:6)
275 creatures vanquished.

Vanquished Creatures (collateral kills)
  A hound (D:4)
  An orc priest (D:4)
  An orc wizard (D:7)
  3 orcs (D:4)
6 creatures vanquished.

Vanquished Creatures (others)
  An ogre (D:7)
  3 plants (Lair:2)
4 creatures vanquished.

Grand Total: 285 creatures vanquished

Notes
Turn   | Place    | Note
--------------------------------------------------------------
     0 | D:1      | Amnesiac the Mummy Wizard began the quest for the Orb.
     0 | D:1      | Reached XP level 1. HP: 13/13 MP: 4/4
     6 | D:1      | Reached skill level 1 in Conjurations
   506 | D:1      | Reached XP level 2. HP: 19/19 MP: 3/6
   681 | D:3      | Noticed Natasha
   689 | D:3      | Noticed a crimson imp
   697 | D:4      | Learned a level 2 spell: Call Imp
   715 | D:4      | Reached skill level 4 in Spellcasting
   715 | D:4      | Reached XP level 3. HP: 7/24 MP: 1/8
   731 | D:4      | Learned a level 3 spell: Mephitic Cloud
   735 | D:4      | Learned a level 3 spell: Conjure Flame
  1096 | D:5      | Entered Level 5 of the Dungeon
  1103 | D:4      | Reached XP level 4. HP: 30/30 MP: 8/10
  1257 | D:5      | Reached skill level 5 in Spellcasting
  1257 | D:5      | Reached XP level 5. HP: 29/35 MP: 0/12
  1549 | D:5      | Noticed an ogre
  1699 | D:4      | Reached skill level 6 in Spellcasting
  1715 | D:4      | Learned a level 2 spell: Repel Missiles
  1719 | D:4      | Learned a level 2 spell: Blink
  1722 | D:4      | Learned a level 2 spell: Slow
  1802 | D:5      | Reached XP level 6. HP: 39/41 MP: 15/15
  1842 | D:5      | Identified a +1 rod of inaccuracy (13/13) (You found it on level 5 of the Dungeon)
  2138 | D:5      | Reached skill level 7 in Spellcasting
  2237 | D:5      | Reached XP level 7. HP: 46/46 MP: 17/17
  2368 | D:6      | Reached skill level 8 in Spellcasting
  2545 | D:6      | Found a sand-covered staircase.
  2568 | D:6      | Noticed Protee's ghost (novice DrTm)
  2886 | Ossuary  | Entered an ossuary
  3126 | Ossuary  | Reached skill level 9 in Spellcasting
  3126 | Ossuary  | Reached XP level 8. HP: 38/52 MP: 14/21
  3498 | D:6      | Noticed a hill giant
  3503 | D:6      | Killed a hill giant
  3503 | D:6      | Reached skill level 10 in Spellcasting
  4111 | D:6      | You fall through a shaft for 3 floors!
  4187 | D:8      | Reached skill level 1 in Evocations
  4252 | D:7      | Reached XP level 9. HP: 29/57 MP: 19/23
  5512 | D:6      | Killed Protee's ghost
  5512 | D:6      | Reached skill level 5 in Evocations
  5869 | D:7      | Found a staircase to the Ecumenical Temple.
  5936 | Temple   | Entered the Ecumenical Temple
  6260 | D:3      | Killed Natasha
  6296 | D:2      | Reached skill level 11 in Spellcasting
  6390 | D:2      | Noticed Sigmund
  6428 | D:2      | Found a bloodstained altar of Trog.
  6500 | D:2      | Killed Sigmund
  7075 | D:3      | Noticed Terence
  7079 | D:3      | Noticed Natasha
  7097 | D:3      | Killed Terence
  7140 | D:3      | Killed Natasha
  7172 | D:3      | Noticed Robin
  7181 | D:3      | Killed Robin
  7246 | D:3      | Found a faded altar of an unknown god.
  7594 | D:3      | Noticed Natasha
  7619 | D:3      | Killed Natasha
  7665 | D:4      | Noticed Dowan
  7668 | D:4      | Noticed Duvessa
  7677 | D:4      | Killed Dowan
  8075 | D:8      | Reached skill level 12 in Spellcasting
  8075 | D:8      | Reached XP level 10. HP: 38/63 MP: 26/26
  8190 | D:8      | Found a hide-covered altar of Uskayaw.
  8192 | D:8      | Found a shattered altar of Ashenzari.
  8197 | D:8      | Found a basalt altar of Yredelemnul.
  8197 | D:8      | Found an ancient bone altar of Kikubaaqudgha.
  8197 | D:8      | Found a radiant altar of Vehumet.
  8202 | D:8      | Found an iron altar of Okawaru.
  8205 | D:8      | Became a worshipper of Kikubaaqudgha
  9357 | D:4      | Killed Duvessa
  9357 | D:4      | Reached * piety under Kikubaaqudgha
  9357 | D:4      | Received a gift from Kikubaaqudgha
  9358 | D:4      | Identified Kikubaaqudgha's Tome of Unholy Rituals (Kikubaaqudgha gifted it to you on level 4 of the Dungeon)
 10579 | D:7      | Got a faintly glowing plate armour
 10581 | D:7      | Identified the +2 plate armour of Context {*Confuse rF+ rCorr Int+4} (You found it on level 7 of the Dungeon)
 10681 | D:7      | Got a pitted trident
 10785 | D:7      | Identified the +9 trident of Blood-Lust {pierce, rPois rN+ Int-5} (You found it on level 7 of the Dungeon)
 10914 | D:8      | Found a staircase to the Lair.
 11041 | D:8      | Learned a level 3 spell: Spectral Weapon
 11045 | D:8      | Learned a level 3 spell: Vampiric Draining
 11048 | D:8      | Learned a level 2 spell: Corpse Rot
 11050 | D:8      | Learned a level 1 spell: Infusion
 11379 | D:8      | Reached skill level 1 in Necromancy
 11570 | Lair:1   | Entered Level 1 of the Lair of Beasts
 12039 | Lair:1   | Noticed a spiny frog
 12046 | Lair:1   | Killed a spiny frog
 12059 | Lair:1   | Reached skill level 5 in Necromancy
 12241 | Lair:1   | Noticed a five-headed hydra
 12293 | Lair:1   | Killed a five-headed hydra
 12294 | Lair:1   | Reached ** piety under Kikubaaqudgha
 12793 | Lair:2   | Reached XP level 11. HP: 20/68 MP: 17/27
 13008 | Lair:2   | Slain by a black mamba

Vault maps used:
D:1:      scummos_arrival_star
D:2:      kennysheep_another_room, trog_book, uniq_sigmund
D:3:      ecumenical_altar_2, first_bread, minmay_misc_feat_more_columns,
          uniq_robin, uniq_terence, uniq_natasha
D:4:      minmay_opposing_rooms, uniq_duvessa
D:6:      enter_ossuary_4
D:7:      grunt_ogre_cave
D:8:      minitemple, dpeg_lair_monsters
D:9:      uniq_pikel
Temple:   lightli_temple_of_artemis
Lair:1:   portal_ice_cave_entry_imps, serial_bayou_lagoon_a,
          serial_bayou_shore_b
Lair:2:   kb_forest_paths, minmay_shoals_entry_hut, serial_bayou_shore_b
Ossuary:  ossuary_minmay_four_chambers

Skill      XL: |  1  2  3  4  5  6  7  8  9 10 |
---------------+-------------------------------+-----
Conjurations   | 1 |  1.0
Spellcasting   | 4 5 6 7 9 10 12 | 12.6
Evocations     | 2 5 |  5.1
Necromancy     | 7 |  7.9
Dodging        | |  1.5
Stealth        | |  1.5
Summonings     | |  0.7
Translocations | |  0.7

Action                   |  1- 3 |  4- 6 |  7- 9 | 10-12 || total
-------------------------+-------+-------+-------+-------++-------
Melee: Dagger            |    18 |       |       |       ||    18
       Whip              |     7 |    54 |   395 |   292 ||   748
       Trident           |       |       |       |    34 ||    34
 Cast: Magic Dart        |    16 |    20 |    29 |    16 ||    81
       Call Imp          |     4 |       |    22 |       ||    26
       Mephitic Cloud    |       |     7 |    27 |    18 ||    52
       Repel Missiles    |       |     1 |       |     1 ||     2
       Conjure Flame     |       |       |    18 |    18 ||    36
       Blink             |       |       |     2 |     4 ||     6
       Vampiric Draining |       |       |       |    33 ||    33
       Spectral Weapon   |       |       |       |     1 ||     1
Evoke: Rod               |       |     9 |    42 |       ||    51
  Use: Scroll            |     3 |     3 |    10 |     4 ||    20
 Stab: Confused          |       |     5 |    10 |     9 ||    24
       Sleeping          |       |       |     1 |     5 ||     6
       Distracted        |       |       |       |     1 ||     1
Armor: Robe              |     9 |     3 |   111 |    94 ||   217
Dodge: Dodged            |    31 |    35 |   223 |   226 ||   515
       Deflected         |       |       |     3 |     3 ||     6
Block: Other             |       |       |       |    50 ||    50
       Reflection        |       |       |       |     4 ||     4
